 Dungeon Crawl Stone Soup version 0.30.0 (webtiles) character file.

Game seed: 12066375052746851629

97 samcosmo the Grasshopper (level 4, -17/39 HPs)
             Began as an Armataur Warper on July 5, 2023.
             Demolished by an ogre
             ... wielding a +0 giant club
              (27 damage)
             ... on level 4 of the Dungeon.
             The game lasted 00:05:57 (2106 turns).

samcosmo the Grasshopper (Armataur Warper)          Turns: 2106, Time: 00:05:57

Health: -17/39     AC:  8    Str: 16    XL:     4   Next: 42%
Magic:  7/7        EV:  5    Int: 16    God:
Gold:   92         SH:  0    Dex:  9    Spells: 2/7 levels left

rFire   . . .        x - +0 spear "Dalaych" {venom, Will+}
rCold   . . .        (no shield)
rNeg    . . .        j - +0 chain mail
rPois   +            n - +1 hat
rElec   .            (no cloak)
rCorr   .            (no gloves)
SInv    .            (no barding)
Will    ++...        (no amulet) Stlth
                     k - ring of poison resistance
HPRegen 0.26/turn    v - ring of willpower
MPRegen 0.10/turn

%: roll
@: no status effects
A: large, rugged brown scales 3, deformed body, armoured tail, roll, long
tongue, awkward tongue
a: no special abilities


You were on level 4 of the Dungeon.
You visited 1 branch of the dungeon, and saw 4 of its levels.

You collected 92 gold pieces.

Inventory:

Hand Weapons
 a - a +0 mace
 x - the +0 spear "Dalaych" (weapon) {venom, Will+}
   (You found it on level 3 of the Dungeon)

   Will:      It increases your willpower.
Missiles
 d - 7 boomerangs of dispersal (quivered)
Armour
 b - a +0 leather armour
 j - a +0 chain mail (worn)
 n - a +1 hat (worn)
Jewellery
 k - a ring of poison resistance (left hand)
 v - a ring of willpower (right hand)
Wands
 s - a wand of flame (19)
Scrolls
 c - a scroll of blinking
 l - a scroll of silence
 o - 2 scrolls of noise
 w - a scroll of fear {unknown}
 y - a scroll of immolation {unknown}
Potions
 e - 2 potions of haste
 f - 2 potions of magic
 g - a potion of resistance {unknown}
 h - 2 potions of heal wounds
 i - 3 potions of curing
 m - 2 potions of lignification {unknown}
 q - a potion of degeneration {unknown}
 r - a potion of invisibility {unknown}
 t - a potion of might {unknown}
 u - a potion of mutation {unknown}


   Skills:
 + Level 2.4 Fighting
 - Level 2.4 Maces & Flails
 + Level 0.0 Polearms
 - Level 0.8 Throwing
 - Level 1.2 Armour
 - Level 1.3 Dodging
 + Level 2.3 Spellcasting
 * Level 4.0 Translocations


You had 2 spell levels left.
You knew the following spells:

 Your Spells              Type           Power      Damage    Failure   Level
a - Blink                 Tloc           28%        N/A       58%         2
b - Vhi's Electric Charg  Tloc/Air       16%        N/A       98%         3

Your spell library contained the following spells:

 Spells                   Type           Power      Damage    Failure   Level
 Lesser Beckoning         Tloc           28%        N/A       58%         2
 Teleport Other           Tloc           14%        N/A       83%         3
 Manifold Assault         Tloc           14%        N/A       99%         4
 Frozen Ramparts          Ice            2%         1d1       100%        3
 Ice Form                 Ice/Tmut       1%         N/A       100%        4
 Summon Ice Beast         Ice/Summ       1%         N/A       100%        4


Dungeon Overview and Level Annotations

Branches:
Dungeon (4/15)
 Temple: D:4-7

Altars:

Shops:
D:3 (


Innate Abilities, Weirdness & Mutations

You are completely covered in rugged brown scales. (AC +3, +7% HP)
Armour fits poorly on your strangely shaped body.
You have a long armoured tail.
You roll when moving toward enemies. (Rampage)
Your long tongue fully drains potion bottles. (2x potion effects)
Your tongue gives you trouble enunciating. (1.5x scroll delay)


Message History

An ogre comes into view. It is wielding a +0 giant club.
The ogre shouts!
Reach: x) +0 spear "Dalaych" {venom, Will+}
Press: ? - help, Dir - move target, f - ogre
Aim: an ogre, wielding a +0 giant club (about 27% to evade the +0 spear "Dalaych")
You reach to attack!
You barely miss the ogre.
Reach: x) +0 spear "Dalaych" {venom, Will+}
Press: ? - help, Dir - move target, f/p - ogre
Aim: an ogre, wielding a +0 giant club (about 27% to evade the +0 spear "Dalaych")
You hit the ogre but do no damage.
The ogre is poisoned.
The ogre barely misses you.
Reach: x) +0 spear "Dalaych" {venom, Will+}
Press: ? - help, Dir - move target, f/p - ogre
Aim: an ogre, wielding a +0 giant club (very poisoned, about 27% to evade the +0 spear "Dalaych")
You barely miss the ogre. You tail-slap the ogre!
The ogre is moderately wounded.
The ogre hits you with a +0 giant club.
Reach: x) +0 spear "Dalaych" {venom, Will+}
Press: ? - help, Dir - move target, f/p - ogre
Aim: an ogre, wielding a +0 giant club (heavily wounded, very poisoned, about 27% to evade the +0 spear "Dalaych")
You hit the ogre but do no damage.
The ogre is heavily wounded.
Unknown command.
Reach: x) +0 spear "Dalaych" {venom, Will+}
Press: ? - help, Dir - move target, f/p - ogre
Aim: an ogre, wielding a +0 giant club (heavily wounded, very poisoned, about 27% to evade the +0 spear "Dalaych")
You hit the ogre.
The ogre is heavily wounded.
The ogre hits you with a +0 giant club!
Reach: x) +0 spear "Dalaych" {venom, Will+}
Press: ? - help, Dir - move target, f/p - ogre
Aim: an ogre, wielding a +0 giant club (severely wounded, very poisoned, about 27% to evade the +0 spear "Dalaych")
You hit the ogre but do no damage.
The ogre is severely wounded.
The ogre hits you with a +0 giant club!
* * * LOW HITPOINT WARNING * * *
The ogre attacks as you move away!
The ogre hits you with a +0 giant club!!
Ouch! That really hurt!
You die...

#.# ##.## #.#
#.# #.# #.#
#.# #+# #.###
######...#
#........#
##.####...####
.......@.....+
##.####O..####
....# #.##.#
#. .# .. .# #.
## #.


You could see an ogre (poisoned).

Vanquished Creatures
  3 adders
  3 worms
  3 dart slugs (D:3)
  6 bats
  5 endoplasms
  2 giant cockroaches
  3 goblins
  9 hobgoblins
  3 quokkas
  2 ball pythons (D:2)
  5 frilled lizards
  5 kobolds
  5 rats
54 creatures vanquished.

Vanquished Creatures (others)
  2 plants (D:3)
2 creatures vanquished.

Grand Total: 56 creatures vanquished

Notes
Turn   | Place    | Note
-------+----------+-------------------------------------------
     0 | D:1      | samcosmo the Armataur Warper began the quest for the Orb.
     0 | D:1      | Reached XP level 1. HP: 18/18 MP: 3/3
   526 | D:2      | Reached XP level 2. HP: 25/25 MP: 4/4
   537 | D:2      | Learned a level 2 spell: Blink
   657 | D:2      | Reached XP level 3. HP: 22/31 MP: 6/6
  1409 | D:3      | Learned a level 3 spell: Vhi's Electric Charge
  1448 | D:3      | Reached XP level 4. HP: 37/39 MP: 7/7
  1553 | D:3      | Reached skill level 4 in Translocations
  1670 | D:3      | Found Ahiumn's Weapon Shoppe.
  1801 | D:3      | Identified the +0 pair of boots "Pecvaux" {Rampage *Slow
                  | rPois Dex+6}
  1947 | D:3      | Identified the +0 spear "Dalaych" {venom, Will+}
  2097 | D:4      | Noticed an ogre
  2106 | D:4      | Demolished by an ogre

Illustrated notes

Levels and vault maps discovered:
D:1:      kennysheep_arrival_seaside, layout_rooms
D:2:      layout_basic, st_stairs_9
D:3:      layout_basic, serial_shops, nicolae_shop_real_fake_doors,
          guppyfry_early_lair_pool
D:4:      layout_loops_corners, nicolae_ru_awakened_eye, serial_shops,
          nicolae_shop_scrapyard, shop

Skill      XL: |  1  2  3  4 |
---------------+-------------+-----
Fighting       | 2 |  2.4
Maces & Flails | 2 |  2.4
Spellcasting   | 2 |  2.3
Translocations | 4 |  4.0
Throwing       | |  0.8
Armour         | |  1.2
Dodging        | |  1.3

Action                     |  1- 3 |  4- 6 || total
---------------------------+-------+-------++-------
  Melee: Mace              |   129 |    62 ||   191
         Tailslap          |     8 |    11 ||    19
         Spear             |       |     6 ||     6
    Use: Scroll            |     5 |     2 ||     7
 Armour: Leather armour    |     5 |       ||     5
         Chain mail        |   101 |    48 ||   149
  Dodge: Dodged            |    43 |    20 ||    63
